 Dungeon Crawl Stone Soup version 0.24-a0-479-g9a978d2894 (webtiles) character file.

Game seed: 13747485319861212741

35 Elric the Conjurer (level 3, -5/24 HPs)
             Began as a Human Conjurer on July 8, 2019.
             Slain by a gnoll
             ... wielding a +0 dagger of venom
              (6 damage)
             ... on level 2 of the Dungeon.
             The game lasted 00:01:41 (1204 turns).

Elric the Conjurer (Human Conjurer)                 Turns: 1204, Time: 00:01:42

Health: -5/24      AC:  2    Str:  8    XL:     3   Next: 55%
Magic:  2/6        EV: 12    Int: 16    God:
Gold:   89         SH:  0    Dex: 13    Spells: 3/6 levels left

rFire    . . .     SeeInvis .   j - +2 dagger (pain)
rCold    . . .     Gourm    .   (no shield)
rNeg     . . .     Faith    .   a - +0 robe
rPois    .         Spirit   .   (no helmet)
rElec    .         Reflect  .   (no cloak)
rCorr    .         Harm     .   (no gloves)
MR       .....                  (no boots)
Stlth    ++........             (no amulet)
HPRegen  0.08/turn              (no ring)
MPRegen  0.10/turn              (no ring)

@: lethally poisoned (-5 -> -33)
A: no striking features
a: no special abilities


You were on level 2 of the Dungeon.
You were not hungry.

You visited 1 branch of the dungeon, and saw 2 of its levels.

You collected 89 gold pieces.

Inventory:

Hand Weapons
 j - a +2 dagger of pain (weapon)
Armour
 a - a +0 robe (worn)
Scrolls
 b - 7 scrolls of identify {unknown}
 d - 2 scrolls of amnesia {unknown}
 e - a scroll of remove curse {unknown}
 h - a scroll of fear {unknown}
 i - 2 scrolls of magic mapping {unknown}
 m - a scroll of random uselessness {unknown}
Potions
 f - a potion of resistance {unknown}
 g - a potion of agility {unknown}
 l - a potion of curing {unknown}
 n - a potion of lignification {unknown}
Comestibles
 c - 3 rations
 k - a chunk of flesh


   Skills:
 - Level 2.0 Dodging
 - Level 2.0 Stealth
 + Level 2.1 Spellcasting
 * Level 5.0 Conjurations


You had 3 spell levels left.
You knew the following spells:

 Your Spells              Type           Power        Failure   Level  Hunger
a - Magic Dart            Conj           ###.         2%          1    #......
b - Searing Ray           Conj           ###...       3%          2    ###....

Your spell library contained the following spells:

 Spells                   Type           Power        Failure   Level  Hunger
 Dazzling Spray           Conj/Hex       #.....       22%         3    ###....
 Iskenderun's Mystic Bla  Conj           ###.....     26%         4    #####..
 Force Lance              Conj/Tloc      #.......     58%         4    #####..
 Fulminant Prism          Conj/Hex       #.........   58%         4    #####..


Dungeon Overview and Level Annotations

Branches:
Dungeon (2/15)

Altars:


Message History

* * * LOW HITPOINT WARNING * * *
You are lethally poisoned!
You closely miss the gnoll.
The gnoll is lightly wounded.
* * * LOW HITPOINT WARNING * * *
You feel sick.
The gnoll hits you with a +0 dagger of venom.
* * * LOW HITPOINT WARNING * * *
You are more poisoned.
Casting: Searing Ray (safe; 3% risk of failure)
Confirm with . or Enter, or press ? or * to list all spells.
Aiming: Magic Dart (safe; 2% risk of failure)
Press: ? - help, Shift-Dir - straight line, f/p - gnoll
Aim: a gnoll, wielding a +0 dagger of venom (lightly wounded)
The magic dart hits the gnoll.
The gnoll is heavily wounded.
* * * LOW HITPOINT WARNING * * *
You feel very sick.
The gnoll hits you with a +0 dagger of venom.
You die...

#.############.# #.#
#.# ##############
#.############.#
##............#
#.#............#
##............#
#.#.############
##............# #.#.#
#.......<
##............# #.#.#
#.#######
##.....รท......####.#.#
#.#
''(...........gg@.>#.#
#.#
.#............######.#
#.# .##############
#.####.# g# #......# .#
######## .# .# .# ...


You could see a gnoll and a goblin.

Vanquished Creatures
  A gnoll (D:2)
  2 dart slugs (D:1)
  3 bats (D:1)
  A giant cockroach (D:2)
  A hobgoblin (D:1)
  5 kobolds
  A ball python (D:1)
  2 frilled lizards
  3 goblins
  5 rats
24 creatures vanquished.

Notes
Turn   | Place    | Note
-------+----------+-------------------------------------------
     0 | D:1      | Elric the Human Conjurer began the quest for the Orb.
     0 | D:1      | Reached XP level 1. HP: 13/13 MP: 3/3
   282 | D:1      | Reached XP level 2. HP: 16/19 MP: 1/5
   391 | D:1      | Learned a level 2 spell: Searing Ray
   821 | D:1      | Reached XP level 3. HP: 24/24 MP: 1/6
  1177 | D:2      | Reached skill level 5 in Conjurations
  1204 | D:2      | HP: 1/24 [poisoned by a gnoll]
  1204 | D:2      | Slain by a gnoll

Levels and vault maps discovered:
D:1:      elethiomel_arrival_maze, layout_loops_ring
D:2:      layout_basic, chequers_temple_overflow_statue_of_worship,
          fedhas_altar_2, st_stairs_1, fountainhead, makhleb_blood_cavern_becter

Skill      XL: |  1  2  3 |
---------------+----------+-----
Conjurations   | 5 |  5.0
Dodging        | |  2.0
Stealth        | |  2.0
Spellcasting   | |  2.1

Action                   || total
-------------------------++-------
Melee: Unarmed           ||     1
       Dagger            ||     1
 Cast: Magic Dart        ||    47
       Searing Ray       ||     2
  Eat: Chunk             ||     2
Armor: Robe              ||     9
Dodge: Dodged            ||    25

Table legend:
 A = Non-vault XP
 B = Vault XP
 C = Vault XP percentage of total XP
 D = Non-vault monster count
 E = Vault monster count
 F = Vault count percentage of total count
                 A         B        C        D         E       F
            +---------+---------+-------+---------+---------+-------
      Total |      51 |       0 |   0.0 |      24 |       0 |   0.0
            +---------+---------+-------+---------+---------+-------
        D:1 |      29 |       0 |   0.0 |      18 |       0 |   0.0
        D:2 |      22 |       0 |   0.0 |       6 |       0 |   0.0
            +---------+---------+-------+---------+---------+-------
